ORI
UNIVERSITY OF NEBRASKA CORNHUSKERS @ UNIVERSITY OF MIAMI HURRICANES
08/13/2048
 
TOP OF THE 1ST
University of Nebraska Cornhuskers batting - Pitching for University of Miami Hurricanes : RHP Javier Valverde
Pitching: RHP Javier Valverde
Batting: RHB Zion Jones 0-0: Ball
1-0: Ball
2-0: Fly out, F3 (Popup, 3SF, EV 85.0 MPH)
Batting: LHB Bob Appleby 0-0: Foul Ball, location: 2F
0-1: Foul Ball, location: 2F
0-2: Ground out 1-3 (Groundball, 34S, EV 59.4 MPH)
Batting: LHB Jose Gonzalez 0-0: Ball
1-0: Called Strike
1-1: Ball
2-1: Foul Ball, location: 2F
2-2: Ball
3-2: Ground out 4-3 (Groundball, 4, EV 90.6 MPH)
Top of the 1st over - 0 runs, 0 hits, 0 errors, 0 left on base; University of Nebraska 0 - University of Miami 0
BOTTOM OF THE 1ST
University of Miami Hurricanes batting - Pitching for University of Nebraska Cornhuskers : RHP Adri Saarloos
Pitching: RHP Adri Saarloos
Batting: SHB Taylor Shelton 0-0: Called Strike
0-1: Foul Ball, location: 2F
0-2: Foul Ball, location: 2F
0-2: Ball
1-2: Ground out 4-3 (Groundball, 4MS, EV 61.9 MPH)
Batting: LHB Juan Zuniga 0-0: Called Strike
0-1: SINGLE (Line Drive, 9S, EV 93.8 MPH)
Batting: RHB Burke Miller 0-0: Ball
1-0: Foul Ball, location: 2F
1-1: Foul Ball, location: 2F
1-2: Ball
2-2: Strikes out swinging
Batting: RHB Luke Jensen 0-0: Called Strike
0-1: Ball
1-1: Ball
2-1: Ball
3-1: SINGLE (Line Drive, 78S, EV 99.4 MPH)
Juan Zuniga to second
Batting: LHB Brian Woods 0-0: Ball
1-0: Swinging Strike
1-1: Ball
2-1: Ball
3-1: Base on Balls
Juan Zuniga to third
Luke Jensen to second
Batting: RHB Chris Zubia 0-0: Ball
1-0: Swinging Strike
1-1: Ball
2-1: Foul Ball, location: 2F
2-2: Foul Ball, location: 2F
2-2: SINGLE (Groundball, 56D, EV 95.0 MPH)
Juan Zuniga scores
Luke Jensen to third
Brian Woods to second
Runner from 3rd tries for Home, SAFE, throw by LF to home
Batting: LHB Hector Salazar 0-0: Ball
1-0: Foul Ball, location: 2F
1-1: Ball
2-1: Ground out U3 (Groundball, 13, EV 85.0 MPH)
Bottom of the 1st over - 2 runs, 3 hits, 0 errors, 2 left on base; University of Nebraska 0 - University of Miami 2
TOP OF THE 2ND
University of Nebraska Cornhuskers batting - Pitching for University of Miami Hurricanes : RHP Javier Valverde
Batting: LHB Alfonso Escalante 0-0: Called Strike
0-1: Ball
1-1: Swinging Strike
1-2: DOUBLE (Line Drive, 89D, EV 103.8 MPH)
Batting: SHB Kent Worboys 0-0: Swinging Strike
0-1: Swinging Strike
0-2: Strikes out looking
Batting: RHB Quentin Howland 0-0: Ball
1-0: Ball
2-0: Ball
3-0: Called Strike
3-1: Ground out 6-3 (Groundball, 6, EV 93.8 MPH)
Batting: RHB Danny Forbes 0-0: Foul Ball, location: 2F
0-1: Ball
1-1: Ball
2-1: Ball
3-1: Called Strike
3-2: Strikes out swinging
Top of the 2nd over - 0 runs, 1 hit, 0 errors, 1 left on base; University of Nebraska 0 - University of Miami 2
BOTTOM OF THE 2ND
University of Miami Hurricanes batting - Pitching for University of Nebraska Cornhuskers : RHP Adri Saarloos
Batting: RHB Danny Gallardo 0-0: SINGLE (Groundball, 56D, EV 98.1 MPH)
Batting: RHB Edward Purkis 0-0: Ball
Danny Gallardo is caught stealing 2nd base 2-4
1-0: Foul Ball, location: 2F
1-1: Swinging Strike
1-2: Ball
2-2: Ball
3-2: Strikes out looking
Batting: SHB Taylor Shelton 0-0: Ball
1-0: Swinging Strike
1-1: Ball
2-1: Foul Ball, location: 2F
2-2: Foul Ball, location: 2F
2-2: Ball
3-2: Ground out 3-1 (Groundball, 34, EV 106.2 MPH)
Bottom of the 2nd over - 0 runs, 1 hit, 0 errors, 0 left on base; University of Nebraska 0 - University of Miami 2
TOP OF THE 3RD
University of Nebraska Cornhuskers batting - Pitching for University of Miami Hurricanes : RHP Javier Valverde
Batting: RHB Tariq Garane 0-0: Ball
1-0: Called Strike
1-1: Foul Ball, location: 2F
1-2: SINGLE (Line Drive, 78S, EV 95.6 MPH)
Batting: SHB Phil Roper 0-0: Swinging Strike
0-1: Ball
1-1: Swinging Strike
1-2: Strikes out swinging
Batting: RHB Zion Jones 0-0: Ball
1-0: Foul Ball, location: 2F
1-1: Called Strike
1-2: Ball
2-2: Foul Ball, location: 2F
2-2: Ball
3-2: Foul Ball, location: 2F
3-2: DOUBLE (Line Drive, 89M, EV 93.1 MPH)
Tariq Garane to third
Tariq Garane scores
Batting: LHB Bob Appleby 0-0: Foul Ball, location: 2F
0-1: Called Strike
0-2: SINGLE (Line Drive, 8RS, EV 103.1 MPH)
Zion Jones to third
Runner from 3rd tries for Home, throw by CF and OUT! 8-2
Bob Appleby to second
Batting: LHB Jose Gonzalez 0-0: DOUBLE (Line Drive, 78XD, EV 105.0 MPH)
Bob Appleby scores
Batting: LHB Alfonso Escalante 0-0: Ball
1-0: Ball
2-0: Fly out, F7 (Line Drive, 7, EV 98.1 MPH)
Top of the 3rd over - 2 runs, 4 hits, 0 errors, 1 left on base; University of Nebraska 2 - University of Miami 2
BOTTOM OF THE 3RD
University of Miami Hurricanes batting - Pitching for University of Nebraska Cornhuskers : RHP Adri Saarloos
Batting: LHB Juan Zuniga 0-0: Ball
1-0: Bunt for hit to P - play at first, batter OUT! 1-3
Batting: RHB Burke Miller 0-0: Swinging Strike
0-1: Foul Ball, location: 2F
0-2: Foul Ball, location: 2F
0-2: Fly out, F8 (Flyball, 8RD, EV 85.0 MPH)
Batting: RHB Luke Jensen 0-0: Foul Ball, location: 2F
0-1: Fly out, F7 (Flyball, 7S, EV 81.9 MPH)
Bottom of the 3rd over - 0 runs, 0 hits, 0 errors, 0 left on base; University of Nebraska 2 - University of Miami 2
TOP OF THE 4TH
University of Nebraska Cornhuskers batting - Pitching for University of Miami Hurricanes : RHP Javier Valverde
Batting: SHB Kent Worboys 0-0: Fly out, F9 (Flyball, 9S, EV 76.2 MPH)
Batting: RHB Quentin Howland 0-0: Called Strike
0-1: Swinging Strike
0-2: Fly out, F7 (Flyball, 7, EV 80.0 MPH)
Batting: RHB Danny Forbes 0-0: Swinging Strike
0-1: Swinging Strike
0-2: Foul Ball, location: 2F
0-2: Strikes out swinging
Top of the 4th over - 0 runs, 0 hits, 0 errors, 0 left on base; University of Nebraska 2 - University of Miami 2
BOTTOM OF THE 4TH
University of Miami Hurricanes batting - Pitching for University of Nebraska Cornhuskers : RHP Adri Saarloos
Batting: LHB Brian Woods 0-0: Ground out U3 (Groundball, 3L, EV 87.5 MPH)
Batting: RHB Chris Zubia 0-0: Called Strike
0-1: SINGLE (Groundball, 15S, EV 65.6 MPH) (infield hit)
Batting: LHB Hector Salazar 0-0: Ball
1-0: SINGLE (Groundball, 56D, EV 104.4 MPH) (infield hit)
Chris Zubia to second
Batting: RHB Danny Gallardo 0-0: Called Strike
0-1: Foul Ball, location: 2F
0-2: Strikes out swinging
Batting: RHB Edward Purkis 0-0: Called Strike
0-1: Foul Ball, location: 2F
0-2: Strikes out swinging
Bottom of the 4th over - 0 runs, 2 hits, 0 errors, 2 left on base; University of Nebraska 2 - University of Miami 2
TOP OF THE 5TH
University of Nebraska Cornhuskers batting - Pitching for University of Miami Hurricanes : RHP Javier Valverde
Pitching: LHP Scott Morrisey
Now at C: Chun-hak Ahn
Now at 1B: Alastair Cummings
Now at 3B: Addergoole Kartosuwiryo
Now at SS: Tu Vo
Now in CF: Mark Kerr
Now in RF: Jaquan Dumas
Batting: RHB Tariq Garane 0-0: Called Strike
0-1: Foul Ball, location: 2F
0-2: Ground out 4-3 (Groundball, 4, EV 88.8 MPH)
Batting: SHB Phil Roper 0-0: Foul Ball, location: 2F
0-1: Foul Ball, location: 2F
0-2: Strikes out swinging
Batting: RHB Zion Jones 0-0: Ball
1-0: Ball
2-0: Ball
3-0: Called Strike
3-1: Called Strike
3-2: Foul Ball, location: 2F
3-2: Strikes out swinging
Top of the 5th over - 0 runs, 0 hits, 0 errors, 0 left on base; University of Nebraska 2 - University of Miami 2
BOTTOM OF THE 5TH
University of Miami Hurricanes batting - Pitching for University of Nebraska Cornhuskers : RHP Adri Saarloos
Pitching: RHP Miguel Bustamante
Now at C: Will England
Now at 2B: Gary Luckwell
Now in LF: Mike Rawson
Now in CF: Andy Henn
Pinch Hitting: RHB Drew Morgenstern 0-0: Called Strike
0-1: Foul Ball, location: 2F
0-2: Ground out 6-3 (Groundball, 6, EV 106.2 MPH)
Batting: LHB Addergoole Kartosuwiryo 0-0: Ball
1-0: Ball
2-0: Called Strike
2-1: TRIPLE (Flyball, 78XD, EV 98.8 MPH)
Batting: RHB Burke Miller 0-0: Swinging Strike
0-1: Ball
1-1: SINGLE (Line Drive, 89S, EV 95.6 MPH)
Addergoole Kartosuwiryo scores
Batting: RHB Mark Kerr 0-0: Ball
Burke Miller is caught stealing 2nd base 2-4
1-0: Ball
2-0: Ball
3-0: Called Strike
3-1: Base on Balls
Batting: RHB Tu Vo 0-0: Ball
Mark Kerr steals 2nd base
1-0: Foul Ball, location: 2F
1-1: Foul Ball, location: 2F
1-2: Ball
2-2: Strikes out swinging
Bottom of the 5th over - 1 run, 2 hits, 0 errors, 1 left on base; University of Nebraska 2 - University of Miami 3
TOP OF THE 6TH
University of Nebraska Cornhuskers batting - Pitching for University of Miami Hurricanes : LHP Scott Morrisey
Now at 2B: C.J. Fleet
Batting: SHB Gary Luckwell 0-0: Ball
1-0: Foul Ball, location: 2F
1-1: Foul Ball, location: 2F
1-2: Foul Ball, location: 2F
1-2: Strikes out looking
Pinch Hitting: SHB Tom Mulholland 0-0: Ground out 6-3 (Groundball, 6, EV 98.1 MPH)
Pinch Hitting: LHB Kevin Brannon 0-0: Ball
1-0: Fly out, F8 (Flyball, 78D, EV 91.9 MPH)
Top of the 6th over - 0 runs, 0 hits, 0 errors, 0 left on base; University of Nebraska 2 - University of Miami 3
BOTTOM OF THE 6TH
University of Miami Hurricanes batting - Pitching for University of Nebraska Cornhuskers : RHP Miguel Bustamante
Now at 1B: Tom Mulholland
Now at 3B: Tim Bond
Now in RF: Kevin Brannon
Batting: RHB Jaquan Dumas 0-0: Ball
1-0: Ground out 6-3 (Groundball, 6, EV 83.1 MPH)
Batting: RHB Sam Costello 0-0: Called Strike
0-1: Ground out 6-3 (Groundball, 6, EV 97.5 MPH)
Batting: LHB Alastair Cummings 0-0: Ball
1-0: Foul Ball, location: 2F
1-1: Ball
2-1: Swinging Strike
2-2: Foul Ball, location: 2F
2-2: Foul Ball, location: 2F
2-2: Strikes out looking
Bottom of the 6th over - 0 runs, 0 hits, 0 errors, 0 left on base; University of Nebraska 2 - University of Miami 3
TOP OF THE 7TH
University of Nebraska Cornhuskers batting - Pitching for University of Miami Hurricanes : LHP Scott Morrisey
Pitching: LHP Bill MacDermid
Now in LF: Jonathan Gardner
Batting: RHB Mario Lopec 0-0: Ground out 6-3 (Groundball, 6, EV 78.8 MPH)
Pinch Hitting: RHB Jason Blakeley 0-0: Called Strike
0-1: Swinging Strike
0-2: SOLO HOME RUN (Line Drive, 7D, EV 111.9 MPH), Distance : 425 ft
Batting: RHB Tim Bond 0-0: Called Strike
0-1: Called Strike
0-2: Hit by Pitch
Batting: RHB Tariq Garane 0-0: Ball
1-0: Ball
2-0: Ball
3-0: Called Strike
3-1: Grounds into double play, 4-6-3 (Groundball, 4, EV 85.6 MPH)
Top of the 7th over - 1 run, 1 hit, 0 errors, 0 left on base; University of Nebraska 3 - University of Miami 3
BOTTOM OF THE 7TH
University of Miami Hurricanes batting - Pitching for University of Nebraska Cornhuskers : RHP Miguel Bustamante
Pitching: RHP Ferdi Limburg
Now in LF: Chris Anthony
Batting: RHB Chun-hak Ahn 0-0: Called Strike
0-1: Fly out, F9 (Flyball, 9, EV 89.4 MPH)
Pinch Hitting: RHB Leonardo Morales 0-0: Foul Ball, location: 2F
0-1: SINGLE (Line Drive, 6MD, EV 96.2 MPH)
Batting: LHB Addergoole Kartosuwiryo 0-0: Grounds out, U3 (Groundball, 3L, EV 77.5 MPH)
Pinch Hitting: SHB Steve Bailey 0-0: Foul Ball, location: 2F
0-1: 2-RUN HOME RUN (Line Drive, 89XD, EV 109.4 MPH), Distance : 422 ft
Batting: RHB Mark Kerr 0-0: Called Strike
0-1: Called Strike
0-2: Ball
1-2: Ball
2-2: SINGLE (Groundball, 6MD, EV 103.8 MPH)
Batting: RHB Tu Vo 0-0: Ball
1-0: Foul Ball, location: 2F
1-1: Fielders Choice at 2nd, 6-4 (Groundball, 6, EV 91.9 MPH)
Bottom of the 7th over - 2 runs, 3 hits, 0 errors, 1 left on base; University of Nebraska 3 - University of Miami 5
TOP OF THE 8TH
University of Nebraska Cornhuskers batting - Pitching for University of Miami Hurricanes : LHP Bill MacDermid
Pitching: RHP Carlos Visoso
Now at 2B: Brian Bell
Now in LF: Rusty Craig
Batting: SHB Andy Henn 0-0: Swinging Strike
0-1: Ball
1-1: Fly out, F8 (Line Drive, 8RM, EV 100.6 MPH)
Batting: RHB Will England 0-0: Ball
1-0: Ball
2-0: Foul Ball, location: 2F
2-1: Foul Ball, location: 2F
2-2: Ground out 5-3 (Groundball, 5L, EV 98.1 MPH)
Batting: SHB Gary Luckwell 0-0: Foul Ball, location: 2F
0-1: Ball
1-1: TRIPLE (Flyball, 9LD, EV 108.1 MPH)
Pinch Hitting: RHB Matt Peters 0-0: Foul Ball, location: 2F
0-1: Ball
1-1: Swinging Strike
1-2: Ball
2-2: Hit by Pitch
Pinch Hitting: LHB Avicenna Abdul-Muta'al 0-0: Ball
1-0: Ball
2-0: Ball
3-0: Base on Balls
Matt Peters to second
Batting: RHB Mario Lopec 0-0: Ground out 1-3 (Groundball, 13, EV 73.1 MPH)
Top of the 8th over - 0 runs, 1 hit, 0 errors, 3 left on base; University of Nebraska 3 - University of Miami 5
BOTTOM OF THE 8TH
University of Miami Hurricanes batting - Pitching for University of Nebraska Cornhuskers : RHP Ferdi Limburg
Pitching: RHP Dana Buker
Now at 1B: Aidan Collet
Now in RF: Avicenna Abdul-Muta'al
Batting: RHB Jaquan Dumas 0-0: SINGLE (Flyball, 4D, EV 93.8 MPH)
Batting: RHB Sam Costello 0-0: Called Strike
Jaquan Dumas is caught stealing 2nd base 2-4
0-1: Ball
1-1: Fly out, F8 (Flyball, 8LD, EV 101.9 MPH)
Batting: LHB Alastair Cummings 0-0: Ball
1-0: Called Strike
1-1: Ball
2-1: Ball
3-1: Swinging Strike
3-2: Foul Ball, location: 2F
3-2: Strikes out swinging
Bottom of the 8th over - 0 runs, 1 hit, 0 errors, 0 left on base; University of Nebraska 3 - University of Miami 5
TOP OF THE 9TH
University of Nebraska Cornhuskers batting - Pitching for University of Miami Hurricanes : RHP Carlos Visoso
Pitching: RHP Chris Moore
Batting: RHB Chris Anthony 0-0: Ground out 5-3 (Groundball, 56S, EV 69.4 MPH)
Pinch Hitting: RHB Salvador Guillen 0-0: Called Strike
0-1: Ball
1-1: Swinging Strike
1-2: Strikes out swinging
Batting: RHB Tariq Garane 0-0: Called Strike
0-1: Fly out, F9 (Flyball, 89M, EV 93.8 MPH)
Top of the 9th over - 0 runs, 0 hits, 0 errors, 0 left on base; University of Nebraska 3 - University of Miami 5
Tuesday, March 28th , 2023 - OOTP Baseball 23.10 Build 110